 Dungeon Crawl Stone Soup version 0.26-a0-651-gb41185065b (webtiles) character file.

Game seed: 6477511662778994452

4443 Flugslaktarn the Cleaver (level 10, -3/96 HPs)
             Began as a Deep Dwarf Fighter on Oct 27, 2020.
             Was a Believer of Makhleb.
             Killed by divine providence
             ... invoked by a meliai
              (10 damage)
             ... on level 9 of the Dungeon.
             The game lasted 00:03:03 (4122 turns).

Flugslaktarn the Cleaver (Deep Dwarf Fighter)       Turns: 4122, Time: 00:03:04

Health: -3/96      AC: 13    Str: 27    XL:     10   Next: 15%
Magic:  5/5        EV:  7    Int:  9    God:    Makhleb [**....]
Gold:   491        SH: 16    Dex: 14    Spells: 9/9 levels left

rFire    . . .     SeeInvis .   g - +2 hand axe (elec)
rCold    . . .     Faith    .   c - +0 kite shield
rNeg     . . .     Spirit   .   o - +0 plate armour
rPois    .         Reflect  +   (no helmet)
rElec    .         Harm     .   (no cloak)
rCorr    .         Rampage  .   (no gloves)
MR       +....                  (no boots)
Stlth    ..........             i - amulet of reflection
HPRegen  0.00/turn              h - ring of wizardry
MPRegen  0.09/turn              n - +6 ring of strength

@: lethally poisoned (-3 -> -43), about to teleport, non-regenerating, lightly
drained
A: damage resistance, heal wounds, sense surroundings 2, no regeneration
a: Heal Wounds, Minor Destruction, Renounce Religion


You were on level 9 of the Dungeon.
You worshipped Makhleb.
Makhleb was pleased with you.
You visited 2 branches of the dungeon, and saw 10 of its levels.

You collected 491 gold pieces.

Inventory:

Hand Weapons
 a - a +0 war axe
 g - a +2 hand axe of electrocution (weapon)
   (You took it off an orc on level 5 of the Dungeon)
 z - a cursed +2 war axe
   (You took it off a wight on level 9 of the Dungeon)
 A - a +5 battleaxe
   (You took it off a wight on level 9 of the Dungeon)
Armour
 c - a +0 kite shield (worn)
 o - a +0 plate armour (worn)
   (You found it on level 4 of the Dungeon)
Jewellery
 h - a ring of wizardry (left hand)
   (You found it on level 4 of the Dungeon)
 i - an amulet of reflection (around neck)
   (You found it on level 4 of the Dungeon)
 n - a +6 ring of strength (right hand)
   (You found it on level 7 of the Dungeon)
 v - a cursed +4 ring of evasion {unknown}
   (You found it on level 8 of the Dungeon)
Wands
 u - a wand of paralysis (8)
   (You took it off an orc wizard on level 8 of the Dungeon)
 y - a wand of iceblast (10)
   (You found it on level 8 of the Dungeon)
Scrolls
 b - a scroll of enchant weapon
 l - 3 scrolls of magic mapping
 p - 2 scrolls of enchant armour {unknown}
 r - 4 scrolls of identify
 t - a scroll of teleportation
 w - a scroll of random uselessness {unknown}
 x - 3 scrolls of remove curse
Potions
 d - 2 potions of might
 e - a potion of flight {unknown}
 f - 2 potions of magic {unknown}
 j - 2 potions of stabbing {unknown}
 k - a potion of mutation {unknown}
 m - a potion of lignification {unknown}
 q - a potion of curing {unknown}
 s - a potion of cancellation {unknown}


   Skills:
 * Level 8.1(7.9) Fighting
 * Level 9.4(9.2) Axes
 + Level 7.1(6.9) Armour
 + Level 3.9(3.8) Dodging
 - Level 5.8(5.7) Shields
 + Level 4.6(4.4) Invocations


You had 9 spell levels left.
You didn't know any spells.
Your spell library was empty.

Dungeon Overview and Level Annotations

Branches:
Dungeon (9/15)             Temple (1/1) D:6
   Lair: D:8-11         Orc: D:9-12

Altars:
Ashenzari
Cheibriados
Dithmenos
Elyvilon
Fedhas
Gozag
Hepliaklqana
Makhleb
Nemelex Xobeh
Okawaru
Qazlal
Ru
Sif Muna
Trog
Uskayaw
Wu Jian
Xom
Zin
The Shining One

Shops:
D:4 (:!?   D:5 *}   D:7 }


Innate Abilities, Weirdness & Mutations

You are resistant to damage.
You can heal yourself by infusing magical energy.
You passively map the area around you.
You do not regenerate.


Message History

* * * LOW HITPOINT WARNING * * *
The meliai hits you with a +0 hand axe.
* * * LOW HITPOINT WARNING * * *
You block the meliai's attack. The meliai misses you.
You block the meliai's attack.
You feel much better.
You feel sick.
The meliai invokes the aid of its god against you.
Something smites you!
* * * LOW HITPOINT WARNING * * *
You block the meliai's attack. The meliai stings you!
* * * LOW HITPOINT WARNING * * *
You are more poisoned.
The meliai poisons you! The meliai barely misses you.
The meliai stings you but does no damage.
The meliai hits you with a +0 hand axe!
* * * LOW HITPOINT WARNING * * *
You block the meliai's attack.
The meliai invokes the aid of its god against you.
Something smites you!
You die...

#..#..'..#............#..........
#..'..#..#............#..........
#..####..#............#........##
#..# #..#............#..#.....#.
#..# #..#....#.......#..#.....#.
#..# +#.......#.......#..####.##'
#..# #.......#.......#..#....#..
#..# ,#..######.......#..#....#..
#..# #..#, #.@.....#..######.#
#..# ,#..#,,, #yyy....#..#......#
* * #..# #.......#..#......# ,
#..# #.......#.........# , #..#
#.......#.........# , ,####,
........####......# * , *, ,
........# #......# * , , *
.........# #......# , , *** , ,,
#......#


You could see 3 meliai.

Vanquished Creatures
  Joseph (D:7)
  Psyche (D:8)
  Prince Ribbit (D:6)
  A hippogriff (D:7)
  Sigmund (D:6)
  Eustachio (D:4)
  Menkaure (D:6)
  A sky beast (D:4)
  2 ice beasts
  2 orc warriors
  An eye of draining (D:8)
  A necrophage (D:9)
  2 phantoms
  A centaur (D:5)
  2 ogres (D:4)
  A crocodile (D:8)
  5 bullfrogs
  2 scorpions
  5 wights (D:9)
  3 howler monkeys
  A bullfrog zombie (D:5)
  4 hounds
  2 jellies
  5 orc priests
  2 bullfrog skeletons
  11 orc wizards
  An iguana (D:5)
  7 worker ants
  A hound skeleton (D:5)
  A hound zombie (D:5)
  A howler monkey zombie (D:6)
  4 gnolls (D:6)
  A howler monkey skeleton (D:5)
  5 adders
  A shadow imp (D:7)
  2 white imps (D:5)
  3 ufetubi
  3 adder skeletons
  2 dart slugs
  5 leopard geckos
  40 orcs
  2 giant cockroaches (D:6)
  2 goblins
  4 jackals (D:8)
  6 quokkas
  A frilled lizard (D:2)
  A kobold (D:2)
  A quokka skeleton (D:8)
154 creatures vanquished.

Vanquished Creatures (others)
  3 fungi (D:2)
3 creatures vanquished.

Grand Total: 157 creatures vanquished

Notes
Turn   | Place    | Note
-------+----------+-------------------------------------------
     0 | D:1      | Flugslaktarn the Deep Dwarf Fighter began the quest for the
                  | Orb.
     0 | D:1      | Reached XP level 1. HP: 20/20 MP: 1/1
    61 | D:2      | Found a white marble altar of Elyvilon.
   218 | D:3      | Noticed an orc wizard
   223 | D:3      | Noticed an orc wizard
   227 | D:3      | Reached XP level 2. HP: 12/27 MP: 2/2
   237 | D:3      | Reached skill level 3 in Axes
   237 | D:3      | Reached XP level 3. HP: 19/34 MP: 2/2
   253 | D:3      | Reached XP level 4. HP: 40/42 MP: 2/2
   324 | D:4      | Noticed an ogre
   330 | D:4      | Killed an ogre
   330 | D:4      | Reached skill level 4 in Axes
   330 | D:4      | Reached XP level 5. HP: 47/50 MP: 3/3
   451 | D:4      | Found Puafy's Book Shop.
   466 | D:4      | Found Geinoin's Antique Weapon Boutique.
   494 | D:4      | Noticed an ogre
   497 | D:4      | Found Visagg's Distillery.
   503 | D:4      | Killed an ogre
   503 | D:4      | Reached XP level 6. HP: 41/58 MP: 4/4
   565 | D:4      | Found Hienet's Magic Scroll Emporium.
   655 | D:4      | Noticed a sky beast
   664 | D:4      | Killed a sky beast
   664 | D:4      | Reached skill level 5 in Axes
   745 | D:4      | Found an ornate altar of the Wu Jian Council.
   747 | D:4      | Noticed Eustachio
   788 | D:4      | Killed Eustachio
   788 | D:4      | Reached XP level 7. HP: 34/66 MP: 5/5
   889 | D:5      | Entered Level 5 of the Dungeon
   965 | D:5      | Reached skill level 5 in Fighting
  1136 | D:5      | Reached skill level 5 in Shields
  1185 | D:5      | Found Cnigguol's Commerce Corner.
  1258 | D:5      | Reached skill level 5 in Armour
  1275 | D:5      | Reached skill level 6 in Axes
  1392 | D:5      | Reached XP level 8. HP: 36/75 MP: 6/6
  1511 | D:5      | Found Yfitomun's Gadget Emporium.
  1819 | D:6      | Noticed Menkaure
  1826 | D:6      | Killed Menkaure
  1840 | D:6      | Reached skill level 7 in Axes
  1961 | D:6      | Found a staircase to the Ecumenical Temple.
  1970 | Temple   | Entered the Ecumenical Temple
  2015 | Temple   | Became a worshipper of Makhleb the Destroyer
  2166 | D:6      | Noticed Prince Ribbit
  2173 | D:6      | Killed Prince Ribbit
  2173 | D:6      | Reached skill level 1 in Dodging
  2173 | D:6      | Reached skill level 1 in Invocations
  2206 | D:6      | Found an opulent altar of Gozag.
  2244 | D:6      | Noticed Sigmund
  2253 | D:6      | Killed Sigmund
  2253 | D:6      | Gained mutation: You passively map the area around you.
                  | [Deep Dwarf growth]
  2253 | D:6      | Reached XP level 9. HP: 41/85 MP: 5/5
  2430 | D:7      | Found Biclea's Gadget Emporium.
  2543 | D:7      | Reached skill level 8 in Axes
  2608 | D:7      | Noticed Joseph
  2619 | D:7      | Reached * piety under Makhleb
  2632 | D:7      | Killed Joseph
  2826 | D:7      | Found a sparkling altar of Nemelex Xobeh.
  2911 | D:8      | Noticed Psyche
  2924 | D:8      | Killed Psyche
  2924 | D:8      | Reached skill level 9 in Axes
  3099 | D:8      | Reached XP level 10. HP: 37/96 MP: 6/6
  3302 | D:8      | Reached ** piety under Makhleb
  3505 | D:9      | Found a shimmering blue altar of Sif Muna.
  4118 | D:9      | HP: 2/96 [meliai/+0 hand axe (5)]
  4122 | D:9      | Killed from afar by a meliai

Illustrated notes

Levels and vault maps discovered:
D:1:      grunt_arrival_crossed_arrows, layout_basic, serial_glass,
          glass_columns_a, glass_columns_a, glass_columns_b, glass_columns_a,
          glass_columns_a, glass_columns_b, glass_columns_a, glass_columns_a,
          chequers_serial_rivers_micro_a, ebering_dispersal_statue_hall
D:2:      layout_loops_ring, lemuel_round_altar, uniq_crazy_yiuf_cottage
D:3:      layout_rooms, vehumet_crystals, gup_sewer_entry_bowl
D:4:      layout_cave_pools, lemuel_crystal_altar, serial_shops, shop,
          shop_statue, nicolae_shop_trees, shop, minmay_small_thing,
          uniq_eustachio
D:5:      layout_gridville, serial_shops, nicolae_shop_crystal,
          nicolae_alphabet_shops, kennysheep_minor_cross
D:6:      layout_loops_ring, minmay_temple_entry_drinking_statues,
          nicolae_gozag_seed_capital, uniq_sigmund, uniq_prince_ribbit1,
          uniq_menkaure
D:7:      layout_rooms, serial_shops, shop, nemelex_diamond_rough_becter,
          uniq_joseph
D:8:      layout_gridville, uniq_psyche
D:9:      layout_grid_maze, basic_altar
Temple:   compressed_dpeg_circular_temple

Skill      XL: |  1  2  3  4  5  6  7  8  9 10 |
---------------+-------------------------------+-----
Fighting       | 3 4 5 6 7 8 |  8.1
Axes           | 3 4 5 6 7 9 |  9.4
Armour         | 4 5 6 7 |  7.1
Shields        | 4 5 |  5.8
Dodging        | 1 3 |  3.9
Invocations    | 1 4 |  4.6

Action                   |  1- 3 |  4- 6 |  7- 9 | 10-12 || total
-------------------------+-------+-------+-------+-------++-------
Melee: War axe           |    35 |    97 |    39 |       ||   171
       Hand axe          |       |       |   289 |    52 ||   341
 Abil: Heal Wounds       |     2 |       |     9 |     4 ||    15
  Use: Scroll            |       |     6 |     3 |     1 ||    10
Armor: Scale mail        |    14 |    12 |       |       ||    26
       Chain mail        |       |     4 |       |       ||     4
       Plate armour      |       |    25 |    96 |    17 ||   138
Dodge: Dodged            |    15 |    31 |    30 |     9 ||    85
Block: Kite shield       |    18 |    77 |   205 |    49 ||   349
       Reflection        |       |       |     6 |       ||     6

Table legend: (Time is in decaauts)
 A = Elapsed time spent in this place.
 B = Non-inter-level travel time spent in this place.
 C = Inter-level travel time spent in this place.
 D = Time resting spent in this place.
 E = Time spent auto-exploring this place.
 F = Levels seen in this place.
 G = Mean time per level.
                   A        B        C        D        E       F      G
               +--------+--------+--------+--------+--------+-----+--------+
         Total |   4181 |   3913 |    268 |      0 |   2884 |  10 |  418.1 |
       Dungeon |   4108 |   3875 |    233 |      0 |   2848 |   9 |  456.4 |
        Temple |     73 |     38 |     35 |      0 |     36 |   1 |   73.0 |
               +--------+--------+--------+--------+--------+-----+--------+

Top non-repeatable levels by time:
     D:5: 878 daAuts
     D:9: 690 daAuts
     D:4: 650 daAuts
     D:6: 568 daAuts
     D:8: 557 daAuts
     D:7: 466 daAuts
     D:2: 141 daAuts
     D:3: 129 daAuts
  Temple: 73 daAuts
     D:1: 26 daAuts
